 Dungeon Crawl Stone Soup version 0.31-a0-188-g5e087ee2ca (webtiles) character file.

Game seed: 92970354309290493

113 qw the Skirmisher (level 4, -1/25 HPs)
             Began as a Deep Elf Hunter on June 23, 2023.
             Killed from afar by an orc wizard (5 damage)
             ... with a puff of flame
             ... on level 3 of the Dungeon.
             The game lasted 00:00:39 (1781 turns).

qw the Skirmisher (Deep Elf Hunter)                 Turns: 1781, Time: 00:00:40

Health: -1/25      AC:  8    Str: 10    XL:     4   Next: 65%
Magic:  6/6        EV: 11    Int: 14    God:
Gold:   153        SH:  0    Dex: 18    Spells: 3/3 levels left

rFire   . . .        Y - +2 longbow (flame)
rCold   . . .        (shield currently unavailable)
rNeg    . . .        j - +0 ring mail
rPois   .            (no helmet)
rElec   .            (no cloak)
rCorr   .            m - +2 pair of gloves
SInv    .            (no boots)
Will    .....        (no amulet)
Stlth   +            (no ring)
HPRegen 0.24/turn    (no ring)
MPRegen 0.10/turn

%: no passive effects
@: about to teleport
A: no striking features
a: no special abilities


You were on level 3 of the Dungeon.
You visited 1 branch of the dungeon, and saw 3 of its levels.

You collected 153 gold pieces.


   Skills:
 - Level 1.5 Fighting
 + Level 8.1 Ranged Weapons
 - Level 2.4 Dodging
 - Level 1.2 Stealth


You had 3 spell levels left.
You didn't know any spells.
Your spell library was empty.

Inventory:

Hand Weapons
 Y - a +2 longbow of flaming (weapon)
Armour
 j - a +0 ring mail (worn)
 m - a +2 pair of gloves (worn)
Scrolls
 a - a scroll of identify
Potions
 b - a potion of enlightenment
 e - a potion of might
 f - a potion of brilliance {unknown}
 g - a potion of degeneration {unknown}
 h - a potion of lignification {unknown}
 i - a potion of curing {unknown}

Dungeon Overview and Level Annotations

Branches:
Dungeon (3/15)

Altars:

Shops:
D:1 *


Message History

You shoot an arrow. The arrow barely misses the kobold.
The arrow barely misses the orc.
The arrow closely misses the orc priest.
You shoot an arrow. The arrow hits the kobold.
The arrow burns the kobold.
The kobold is heavily wounded.
The kobold hits you but does no damage.
The orc priest invokes the aid of Beogh against you.
Beogh smites you!
You shoot an arrow. The arrow hits the kobold!
The arrow burns the kobold.
You kill the kobold!
You shoot an arrow.
The arrow hits the hobgoblin but does no damage.
The hobgoblin barely misses you.
You shoot an arrow. The arrow closely misses the hobgoblin.
The arrow hits the orc!
The arrow burns the orc.
You kill the orc!
The hobgoblin hits you but does no damage. x2
You shoot an arrow.
The arrow completely misses the hobgoblin.
The arrow hits the orc but does no damage.
The hobgoblin hits you but does no damage.
You shoot an arrow. The arrow hits the hobgoblin!
The arrow burns the hobgoblin.
You kill the hobgoblin!
You shoot an arrow. The arrow hits the orc!
The arrow burns the orc.
You kill the orc!
The orc wizard casts a spell at you. The puff of flame hits you.
You shoot an arrow. The arrow hits the orc priest.
The arrow burns the orc priest.
The orc priest is moderately wounded.
The orc priest hits you with a +0 flail.
The orc wizard closely misses you.
1781 ||| READING scroll of teleportation.
As you read the scroll of teleportation, it crumbles to dust.
You feel strangely unstable.
The orc priest mumbles some strange prayers to Beogh against you.
Pain shoots through your body!
The orc wizard gestures at you while chanting.
The puff of flame hits you.
You die...

... ######## .# #......#
.##.# #.####.# ....
#.####.### ####### ###
#.#......# #.....# ..#
#.#.##<#.#####.....#
#.##
##.#.##.#...........###
...#
##.......#######.......#
...# #.....o@#####
#.....#.# ...#
#..#..#o#...#.########.#
...# ###..#..#).......
##.# ...#
#.......#...ยค#..# ##..#
...#####.#..#..#...#..#
#.#.#
.........#..#..#.....#K#
####.
.................)#... .
#.#..
..........###..#......#
##.##
...#####.......#....#.g.
#...#


You could see an orc priest and an orc wizard.

Vanquished Creatures
  An orc wizard (D:3)
  2 adders (D:2)
  A worm (D:2)
  2 dart slugs (D:2)
  3 orcs (D:3)
  5 endoplasms
  5 giant cockroaches
  3 goblins
  7 hobgoblins
  4 jackals (D:1)
  3 quokkas
  5 ball pythons
  5 bats
  3 frilled lizards
  6 kobolds
  2 rats
57 creatures vanquished.

Notes
Turn   | Place    | Note
-------+----------+-------------------------------------------
     0 | D:1      | qw the Deep Elf Hunter began the quest for the Orb.
     0 | D:1      | Reached XP level 1. HP: 12/12 MP: 3/3
     0 | D:1      | 0 ||| qw: Version: 0.3-a-9-g12657ce
     0 | D:1      | 0 ||| qw: Game counter: 3650
     0 | D:1      | 0 ||| qw: Always use a shield: true
     0 | D:1      | 0 ||| qw: God list: Okawaru
     0 | D:1      | 0 ||| qw: Allow faded altars: false
     0 | D:1      | 0 ||| qw: Do Orc after D:15 true
     0 | D:1      | 0 ||| qw: Do second Lair branch before Depths: true
     0 | D:1      | 0 ||| qw: Lair rune preference: random
     0 | D:1      | 0 ||| qw: Plans: Normal
     0 | D:1      | 0 ||| PLANNING D:1-11
    17 | D:1      | Noticed a minotaur zombie
    68 | D:1      | Reached XP level 2. HP: 16/16 MP: 4/4
    81 | D:1      | Reached skill level 6 in Ranged Weapons
   221 | D:1      | Found Catamasu's General Store.
   226 | D:1      | 226 ||| SHOPLISTING +4 ring of protection (468 gold, have
                  | 50).
   317 | D:1      | 317 ||| FLEEEEING.
   318 | D:1      | 318 ||| FLEEEEING.
   451 | D:1      | Reached XP level 3. HP: 20/20 MP: 5/5
   675 | D:1      | 675 ||| READING 2 scrolls labelled ZOTHULASEI.
   676 | D:1      | 676 ||| READING scroll labelled LATHRU FAHUO.
   676 | D:1      | Identified a scroll of acquirement
   676 | D:1      | 676 ||| ACQUIRING +0 longbow of flaming
   676 | D:1      | Acquired a +0 longbow of flaming
   678 | D:1      | 678 ||| SWAPPING to +0 longbow of flaming.
   679 | D:1      | 679 ||| DROPPING +0 shortbow.
   680 | D:1      | 680 ||| READING scroll labelled PACKYEPTU ROYNG.
   681 | D:1      | 681 ||| DRINKING 2 black potions.
   682 | D:1      | 682 ||| DROPPING scroll of butterflies.
   683 | D:1      | 683 ||| DROPPING potion of attraction.
   747 | D:2      | Reached skill level 7 in Ranged Weapons
   799 | D:2      | 799 ||| STAIRDANCE
   830 | D:1      | 830 ||| READING scroll labelled QAFYLO AMUAXTA.
   835 | D:1      | 835 ||| DRINKING 2 fizzy puce potions.
   836 | D:1      | 836 ||| READING 2 scrolls of identify.
   836 | D:1      | 836 ||| IDENTIFYING orange potion
  1027 | D:2      | 1027 ||| READING scroll of enchant weapon.
  1027 | D:2      | 1027 ||| ENCHANTING +1 longbow of flaming.
  1043 | D:2      | Reached XP level 4. HP: 25/25 MP: 6/6
  1508 | D:2      | 1508 ||| UPGRADING to +0 ring mail.
  1518 | D:2      | 1518 ||| DROPPING +0 leather armour.
  1519 | D:2      | 1519 ||| UPGRADING to +2 pair of gloves.
  1524 | D:2      | 1524 ||| READING scroll labelled JUQIUNLUAS.
  1525 | D:2      | 1525 ||| READING scroll labelled OROEDY TECORGH.
  1526 | D:2      | 1526 ||| READING scroll labelled YXERASIXZI.
  1611 | D:3      | 1611 ||| FLEEEEING.
  1616 | D:3      | 1616 ||| FLEEEEING.
  1617 | D:3      | 1617 ||| FLEEEEING.
  1626 | D:3      | 1626 ||| FLEEEEING.
  1627 | D:3      | 1627 ||| FLEEEEING.
  1628 | D:3      | 1628 ||| FLEEEEING.
  1630 | D:3      | 1630 ||| STAIRDANCE
  1765 | D:3      | Reached skill level 8 in Ranged Weapons
  1780 | D:3      | HP: 6/25 [orc priest/+0 flail (5)]
  1781 | D:3      | 1781 ||| READING scroll of teleportation.
  1781 | D:3      | Killed from afar by an orc wizard

Levels and vault maps discovered:
D:1:      shiori_arrival_whats_in_store_for_you, layout_basic, serial_shops,
          shop, nicolae_the_louvre
D:2:      layout_basic
D:3:      layout_loops_cross, nicolae_eternal_life, minmay_increasing_density,
          uniq_sigmund

Skill      XL: |  1  2  3  4 |
---------------+-------------+-----
Ranged Weapons | 6 7 8 |  8.1
Fighting       | |  1.5
Dodging        | |  2.4
Stealth        | |  1.2

Action                     |  1- 3 |  4- 6 || total
---------------------------+-------+-------++-------
   Fire: Shortbow          |    61 |       ||    61
         Longbow           |    23 |    24 ||    47
    Use: Scroll            |     6 |     4 ||    10
         Potion            |     2 |       ||     2
 Armour: Leather armour    |     7 |       ||     7
         Ring mail         |       |     4 ||     4
  Dodge: Dodged            |    17 |     2 ||    19

Table legend:
 A = Non-vault XP
 B = Vault XP
 C = Vault XP percentage of total XP
 D = Non-vault monster count
 E = Vault monster count
 F = Vault count percentage of total count
                 A         B        C        D         E       F
            +---------+---------+-------+---------+---------+-------
      Total |     158 |       4 |   2.5 |      55 |       2 |   3.5
            +---------+---------+-------+---------+---------+-------
        D:1 |      43 |       0 |   0.0 |      26 |       0 |   0.0
        D:2 |      65 |       0 |   0.0 |      22 |       0 |   0.0
        D:3 |      50 |       4 |   7.4 |       7 |       2 |  22.2
            +---------+---------+-------+---------+---------+-------
